 Dungeon Crawl Stone Soup version 0.30-a0-218-gedb9141078 (webtiles) character file.

Game seed: 5608720363311907225

40 LnG the Caller (level 3, -2/19 HPs)
             Began as a Kobold Summoner on Oct 5, 2022.
             Slain by a kobold
             ... wielding a +1 trident of freezing
              (3 damage)
             ... on level 2 of the Dungeon.
             The game lasted 00:02:38 (1174 turns).

LnG the Caller (Kobold Summoner)                    Turns: 1174, Time: 00:02:39

Health: -2/19      AC:  3    Str:  5    XL:     3   Next: 72%
Magic:  4/6        EV: 15    Int: 18    God:
Gold:   46         SH:  0    Dex: 15    Spells: 4/7 levels left

rFire   . . .      SeeInvis .    f - +0 dagger
rCold   . . .      Faith    .    (no shield)
rNeg    . . .      Spirit   .    a - +0 robe
rPois   .          Reflect  .    (no helmet)
rElec   .          Harm     .    (no cloak)
rCorr   .          Rampage  .    d - +0 pair of gloves
Will    .....                    (no boots)
Stlth   ++++......               (no amulet)
HPRegen 0.23/turn                (no ring)
MPRegen 0.10/turn                (no ring)

@: no status effects
A: small, no large weapons, nightstalker 3
a: no special abilities


You were on level 2 of the Dungeon.
You visited 1 branch of the dungeon, and saw 2 of its levels.

You collected 46 gold pieces.

Inventory:

Hand Weapons
 f - a +0 dagger (weapon)
Armour
 a - a +0 robe (worn)
 d - a +0 pair of gloves (worn)
Potions
 b - a potion of magic
 c - a potion of brilliance
 g - a potion of heal wounds


   Skills:
 + Level 0.1 Short Blades
 + Level 2.6 Dodging
 * Level 4.0 Stealth
 + Level 2.6 Spellcasting
 + Level 4.3 Summonings


You had 4 spell levels left.
You knew the following spells:

 Your Spells              Type           Power      Damage    Failure   Level
a - Summon Small Mammal   Summ           72%        N/A       2%          1
b - Call Imp              Summ           18%        N/A       4%          2

Your spell library contained the following spells:

 Spells                   Type           Power      Damage    Failure   Level
 Call Canine Familiar     Summ           18%        N/A       9%          3
 Summon Guardian Golem    Hex/Summ       10%        N/A       21%         3
 Summon Lightning Spire   Summ/Air       10%        N/A       56%         4


Dungeon Overview and Level Annotations

Branches:
Dungeon (2/15)

Altars:


Innate Abilities, Weirdness & Mutations

You are small and have problems with some larger weapons.
You are completely attuned to the shadows.


Message History

You barely miss the adder.
You feel sick. The adder bites you.
Casting: Call Imp (safe; 4% risk of failure)
Confirm with . or Enter, or press ? or * to list all spells.
A beastly little devil appears in a puff of frigid air.
You feel sick. The adder misses you. The adder completely misses you.
You feel sick.
Your white imp gestures at the adder.
The puff of frost hits the adder!
You barely miss the adder.
The adder is severely wounded.
You feel sick. The adder bites you but does no damage.
Your white imp closely misses the adder.
You closely miss the adder.
The adder is severely wounded.
You feel sick. The adder bites you. The adder misses you.
Your white imp gestures at the adder.
The puff of frost hits the adder!
The adder dies!
Your Stealth skill increases to level 4!
You feel sick.
You feel sick.
You are no longer poisoned.
Your white imp disappears in a puff of smoke!
A kobold comes into view.
It is wielding a +1 trident of freezing.
Casting: Call Imp (safe; 4% risk of failure)
Confirm with . or Enter, or press ? or * to list all spells.
A beastly little devil appears in a puff of frigid air.
The kobold shouts!
Casting: Call Imp (safe; 4% risk of failure)
Confirm with . or Enter, or press ? or * to list all spells.
You don't know that spell.
A hobgoblin comes into view.
The kobold hits you with a +1 trident of freezing!
The kobold freezes you.
Your white imp hits the kobold but does no damage.
You miss the kobold.
The kobold hits you with a +1 trident of freezing!
* * * LOW HITPOINT WARNING * * *
The kobold freezes you.
You die...

.###.###.##.#
..........#.#
##.###.##...#
........#.#.#
.###.##...#.#
......#.#.#.#
##.##...#...#
#...#.#.#
..#.5@#...
...#K# #.
#.##.. ..
..#g .##..


You could see a hobgoblin, a kobold (ally target) and a friendly white imp
(summoned).

Vanquished Creatures
  A gnoll (D:1)
  2 dart slugs (D:1)
  A hobgoblin (D:1)
  A kobold (D:1)
  A quokka (D:1)
  2 ball pythons (D:1)
  2 frilled lizards (D:1)
  2 rats (D:1)
12 creatures vanquished.

Vanquished Creatures (collateral kills)
  An adder (D:2)
  A worm (D:2)
  A hobgoblin (D:1)
  A ball python (D:1)
  A frilled lizard (D:1)
  A kobold (D:1)
  A rat (D:1)
7 creatures vanquished.

Grand Total: 19 creatures vanquished

Notes
Turn   | Place    | Note
-------+----------+-------------------------------------------
     0 | D:1      | LnG the Kobold Summoner began the quest for the Orb.
     0 | D:1      | Reached XP level 1. HP: 10/10 MP: 3/3
   569 | D:1      | Reached XP level 2. HP: 15/15 MP: 5/5
   572 | D:1      | Learned a level 2 spell: Call Imp
   592 | D:1      | Reached XP level 3. HP: 19/19 MP: 6/6
   600 | D:1      | Found a faded altar of an unknown god.
  1174 | D:2      | Slain by a kobold

Illustrated notes

Levels and vault maps discovered:
D:1:      dpeg_arrival_concentric_ovals, layout_basic, serial_forest,
          infiniplex_forest_zigzag_1, infiniplex_forest_lined_room_2,
          infiniplex_forest_straight_2, infiniplex_forest_straight_3,
          infiniplex_forest_clump_tiny, infiniplex_forest_straight_2,
          dreamdust_ecumenical_altar_statues
D:2:      layout_basic, nicolae_concentric_dashed_squares_mild,
          cheibrodos_gnoll_hut, uniq_terence

Skill      XL: |  1  2  3 |
---------------+----------+-----
Stealth        | 3 4 |  4.0
Short Blades   | |  0.1
Dodging        | |  2.6
Spellcasting   | |  2.6
Summonings     | |  4.3

Action                   || total
-------------------------++-------
Melee: Unarmed           ||     7
       Dagger            ||    27
       Punch             ||     2
 Cast: Summon Small Mamm ||    10
       Call Imp          ||     3
  Use: Scroll            ||     2
 Stab: Sleeping          ||    10
Armor: Robe              ||     2
Dodge: Dodged            ||    13

Table legend: (Time is in decaauts)
 A = Elapsed time spent in this place.
 B = Non-inter-level travel time spent in this place.
 C = Inter-level travel time spent in this place.
 D = Time resting spent in this place.
 E = Time spent auto-exploring this place.
 F = Levels seen in this place.
 G = Mean time per level.
                   A        B        C        D        E       F      G
               +--------+--------+--------+--------+--------+-----+--------+
         Total |   1173 |   1148 |     25 |      0 |    966 |   2 |  586.5 |
       Dungeon |   1173 |   1148 |     25 |      0 |    966 |   2 |  586.5 |
               +--------+--------+--------+--------+--------+-----+--------+

Top non-repeatable levels by time:
     D:1: 989 daAuts
     D:2: 183 daAuts
